%YAML 1.1
%TAG !u! tag:unity3d.com,2011:
--- !u!1 &6484423922651184805
GameObject:
  m_ObjectHideFlags: 0
  m_CorrespondingSourceObject: {fileID: 0}
  m_PrefabInstance: {fileID: 0}
  m_PrefabAsset: {fileID: 0}
  serializedVersion: 6
  m_Component:
  - component: {fileID: 6484423922651184803}
  - component: {fileID: 6484423922651184804}
  m_Layer: 0
  m_Name: Bougie2 (2)
  m_TagString: Untagged
  m_Icon: {fileID: 0}
  m_NavMeshLayer: 0
  m_StaticEditorFlags: 0
  m_IsActive: 1
--- !u!4 &6484423922651184803
Transform:
  m_ObjectHideFlags: 0
  m_CorrespondingSourceObject: {fileID: 0}
  m_PrefabInstance: {fileID: 0}
  m_PrefabAsset: {fileID: 0}
  m_GameObject: {fileID: 6484423922651184805}
  m_LocalRotation: {x: -0, y: -0.07095139, z: -0, w: 0.9974798}
  m_LocalPosition: {x: 0.12975733, y: -0.33633813, z: 0.32463998}
  m_LocalScale: {x: 1, y: 1, z: 1}
  m_Children: []
  m_Father: {fileID: 256962533525091374}
  m_RootOrder: 1
  m_LocalEulerAnglesHint: {x: 0, y: -29.842001, z: 0}
--- !u!108 &6484423922651184804
Light:
  m_ObjectHideFlags: 0
  m_CorrespondingSourceObject: {fileID: 0}
  m_PrefabInstance: {fileID: 0}
  m_PrefabAsset: {fileID: 0}
  m_GameObject: {fileID: 6484423922651184805}
  m_Enabled: 1
  serializedVersion: 10
  m_Type: 2
  m_Shape: 0
  m_Color: {r: 0.754717, g: 0.49776778, b: 0.29547882, a: 1}
  m_Intensity: 0.3
  m_Range: 5
  m_SpotAngle: 30
  m_InnerSpotAngle: 21.80208
  m_CookieSize: 10
  m_Shadows:
    m_Type: 2
    m_Resolution: -1
    m_CustomResolution: -1
    m_Strength: 1
    m_Bias: 0.05
    m_NormalBias: 0.4
    m_NearPlane: 0.2
    m_CullingMatrixOverride:
      e00: 1
      e01: 0
      e02: 0
      e03: 0
      e10: 0
      e11: 1
      e12: 0
      e13: 0
      e20: 0
      e21: 0
      e22: 1
      e23: 0
      e30: 0
      e31: 0
      e32: 0
      e33: 1
    m_UseCullingMatrixOverride: 0
  m_Cookie: {fileID: 0}
  m_DrawHalo: 0
  m_Flare: {fileID: 0}
  m_RenderMode: 0
  m_CullingMask:
    serializedVersion: 2
    m_Bits: 4294967295
  m_RenderingLayerMask: 1
  m_Lightmapping: 4
  m_LightShadowCasterMode: 0
  m_AreaSize: {x: 1, y: 1}
  m_BounceIntensity: 1
  m_ColorTemperature: 6570
  m_UseColorTemperature: 0
  m_BoundingSphereOverride: {x: 0, y: 6.73e-43, z: 0, w: 0}
  m_UseBoundingSphereOverride: 0
  m_ShadowRadius: 0
  m_ShadowAngle: 0
--- !u!1 &6723296845975744074
GameObject:
  m_ObjectHideFlags: 0
  m_CorrespondingSourceObject: {fileID: 0}
  m_PrefabInstance: {fileID: 0}
  m_PrefabAsset: {fileID: 0}
  serializedVersion: 6
  m_Component:
  - component: {fileID: 256962533525091374}
  m_Layer: 0
  m_Name: Bougie3
  m_TagString: Untagged
  m_Icon: {fileID: 0}
  m_NavMeshLayer: 0
  m_StaticEditorFlags: 0
  m_IsActive: 1
--- !u!4 &256962533525091374
Transform:
  m_ObjectHideFlags: 0
  m_CorrespondingSourceObject: {fileID: 0}
  m_PrefabInstance: {fileID: 0}
  m_PrefabAsset: {fileID: 0}
  m_GameObject: {fileID: 6723296845975744074}
  m_LocalRotation: {x: -0, y: -0, z: -0, w: 1}
  m_LocalPosition: {x: 3.308311, y: -4.8891773, z: 3.5605915}
  m_LocalScale: {x: 0.877193, y: 0.877193, z: 0.877193}
  m_Children:
  - {fileID: 2786792192391985667}
  - {fileID: 6484423922651184803}
  - {fileID: 317713012049674735}
  m_Father: {fileID: 0}
  m_RootOrder: 0
  m_LocalEulerAnglesHint: {x: 0, y: 0, z: 0}
--- !u!1001 &2388620595146677736
PrefabInstance:
  m_ObjectHideFlags: 0
  serializedVersion: 2
  m_Modification:
    m_TransformParent: {fileID: 256962533525091374}
    m_Modifications:
    - target: {fileID: -8679921383154817045, guid: 37dadd25fac7a8643b094c0fcf2f651a,
        type: 3}
      propertyPath: m_LocalPosition.x
      value: 0.16380537
      objectReference: {fileID: 0}
    - target: {fileID: -8679921383154817045, guid: 37dadd25fac7a8643b094c0fcf2f651a,
        type: 3}
      propertyPath: m_LocalPosition.y
      value: -0.71115786
      objectReference: {fileID: 0}
    - target: {fileID: -8679921383154817045, guid: 37dadd25fac7a8643b094c0fcf2f651a,
        type: 3}
      propertyPath: m_LocalPosition.z
      value: 0.29572538
      objectReference: {fileID: 0}
    - target: {fileID: -8679921383154817045, guid: 37dadd25fac7a8643b094c0fcf2f651a,
        type: 3}
      propertyPath: m_LocalRotation.x
      value: -0
      objectReference: {fileID: 0}
    - target: {fileID: -8679921383154817045, guid: 37dadd25fac7a8643b094c0fcf2f651a,
        type: 3}
      propertyPath: m_LocalRotation.y
      value: 0.9687302
      objectReference: {fileID: 0}
    - target: {fileID: -8679921383154817045, guid: 37dadd25fac7a8643b094c0fcf2f651a,
        type: 3}
      propertyPath: m_LocalRotation.z
      value: -0
      objectReference: {fileID: 0}
    - target: {fileID: -8679921383154817045, guid: 37dadd25fac7a8643b094c0fcf2f651a,
        type: 3}
      propertyPath: m_LocalRotation.w
      value: 0.24811661
      objectReference: {fileID: 0}
    - target: {fileID: -8679921383154817045, guid: 37dadd25fac7a8643b094c0fcf2f651a,
        type: 3}
      propertyPath: m_RootOrder
      value: 0
      objectReference: {fileID: 0}
    - target: {fileID: -8679921383154817045, guid: 37dadd25fac7a8643b094c0fcf2f651a,
        type: 3}
      propertyPath: m_LocalEulerAnglesHint.x
      value: 0
      objectReference: {fileID: 0}
    - target: {fileID: -8679921383154817045, guid: 37dadd25fac7a8643b094c0fcf2f651a,
        type: 3}
      propertyPath: m_LocalEulerAnglesHint.y
      value: 151.268
      objectReference: {fileID: 0}
    - target: {fileID: -8679921383154817045, guid: 37dadd25fac7a8643b094c0fcf2f651a,
        type: 3}
      propertyPath: m_LocalEulerAnglesHint.z
      value: 0
      objectReference: {fileID: 0}
    - target: {fileID: -8679921383154817045, guid: 37dadd25fac7a8643b094c0fcf2f651a,
        type: 3}
      propertyPath: m_LocalScale.x
      value: 0.9246995
      objectReference: {fileID: 0}
    - target: {fileID: -8679921383154817045, guid: 37dadd25fac7a8643b094c0fcf2f651a,
        type: 3}
      propertyPath: m_LocalScale.y
      value: 0.9246996
      objectReference: {fileID: 0}
    - target: {fileID: -8679921383154817045, guid: 37dadd25fac7a8643b094c0fcf2f651a,
        type: 3}
      propertyPath: m_LocalScale.z
      value: 0.9246995
      objectReference: {fileID: 0}
    - target: {fileID: -7511558181221131132, guid: 37dadd25fac7a8643b094c0fcf2f651a,
        type: 3}
      propertyPath: m_Materials.Array.data[0]
      value: 
      objectReference: {fileID: 2100000, guid: b0f4f490c62e48f49857a9ac33abba3d, type: 2}
    - target: {fileID: 919132149155446097, guid: 37dadd25fac7a8643b094c0fcf2f651a,
        type: 3}
      propertyPath: m_Name
      value: Bougie_03
      objectReference: {fileID: 0}
    - target: {fileID: 919132149155446097, guid: 37dadd25fac7a8643b094c0fcf2f651a,
        type: 3}
      propertyPath: m_StaticEditorFlags
      value: 4294967295
      objectReference: {fileID: 0}
    m_RemovedComponents: []
  m_SourcePrefab: {fileID: 100100000, guid: 37dadd25fac7a8643b094c0fcf2f651a, type: 3}
--- !u!4 &2786792192391985667 stripped
Transform:
  m_CorrespondingSourceObject: {fileID: -8679921383154817045, guid: 37dadd25fac7a8643b094c0fcf2f651a,
    type: 3}
  m_PrefabInstance: {fileID: 2388620595146677736}
  m_PrefabAsset: {fileID: 0}
--- !u!1001 &2388620596680062608
PrefabInstance:
  m_ObjectHideFlags: 0
  serializedVersion: 2
  m_Modification:
    m_TransformParent: {fileID: 256962533525091374}
    m_Modifications:
    - target: {fileID: 2688274645101475704, guid: 09d9bd7b6d67037428923fa5b5ca8c30,
        type: 3}
      propertyPath: m_Name
      value: FIRE (6)
      objectReference: {fileID: 0}
    - target: {fileID: 2688274645101475710, guid: 09d9bd7b6d67037428923fa5b5ca8c30,
        type: 3}
      propertyPath: LightsModule.light
      value: 
      objectReference: {fileID: 6484423922651184804}
    - target: {fileID: 2688274645101475711, guid: 09d9bd7b6d67037428923fa5b5ca8c30,
        type: 3}
      propertyPath: m_LocalPosition.x
      value: 0.13040149
      objectReference: {fileID: 0}
    - target: {fileID: 2688274645101475711, guid: 09d9bd7b6d67037428923fa5b5ca8c30,
        type: 3}
      propertyPath: m_LocalPosition.y
      value: -0.42933735
      objectReference: {fileID: 0}
    - target: {fileID: 2688274645101475711, guid: 09d9bd7b6d67037428923fa5b5ca8c30,
        type: 3}
      propertyPath: m_LocalPosition.z
      value: 0.30597785
      objectReference: {fileID: 0}
    - target: {fileID: 2688274645101475711, guid: 09d9bd7b6d67037428923fa5b5ca8c30,
        type: 3}
      propertyPath: m_LocalRotation.x
      value: -0.6944601
      objectReference: {fileID: 0}
    - target: {fileID: 2688274645101475711, guid: 09d9bd7b6d67037428923fa5b5ca8c30,
        type: 3}
      propertyPath: m_LocalRotation.y
      value: 0.13313605
      objectReference: {fileID: 0}
    - target: {fileID: 2688274645101475711, guid: 09d9bd7b6d67037428923fa5b5ca8c30,
        type: 3}
      propertyPath: m_LocalRotation.z
      value: 0.13313605
      objectReference: {fileID: 0}
    - target: {fileID: 2688274645101475711, guid: 09d9bd7b6d67037428923fa5b5ca8c30,
        type: 3}
      propertyPath: m_LocalRotation.w
      value: 0.6944601
      objectReference: {fileID: 0}
    - target: {fileID: 2688274645101475711, guid: 09d9bd7b6d67037428923fa5b5ca8c30,
        type: 3}
      propertyPath: m_RootOrder
      value: 2
      objectReference: {fileID: 0}
    - target: {fileID: 2688274645101475711, guid: 09d9bd7b6d67037428923fa5b5ca8c30,
        type: 3}
      propertyPath: m_LocalEulerAnglesHint.x
      value: -90
      objectReference: {fileID: 0}
    - target: {fileID: 2688274645101475711, guid: 09d9bd7b6d67037428923fa5b5ca8c30,
        type: 3}
      propertyPath: m_LocalEulerAnglesHint.y
      value: 0
      objectReference: {fileID: 0}
    - target: {fileID: 2688274645101475711, guid: 09d9bd7b6d67037428923fa5b5ca8c30,
        type: 3}
      propertyPath: m_LocalEulerAnglesHint.z
      value: 0
      objectReference: {fileID: 0}
    - target: {fileID: 2688274645101475711, guid: 09d9bd7b6d67037428923fa5b5ca8c30,
        type: 3}
      propertyPath: m_LocalScale.x
      value: 0.018400844
      objectReference: {fileID: 0}
    - target: {fileID: 2688274645101475711, guid: 09d9bd7b6d67037428923fa5b5ca8c30,
        type: 3}
      propertyPath: m_LocalScale.y
      value: 0.08682976
      objectReference: {fileID: 0}
    - target: {fileID: 2688274645101475711, guid: 09d9bd7b6d67037428923fa5b5ca8c30,
        type: 3}
      propertyPath: m_LocalScale.z
      value: 0.012250611
      objectReference: {fileID: 0}
    m_RemovedComponents: []
  m_SourcePrefab: {fileID: 100100000, guid: 09d9bd7b6d67037428923fa5b5ca8c30, type: 3}
--- !u!4 &317713012049674735 stripped
Transform:
  m_CorrespondingSourceObject: {fileID: 2688274645101475711, guid: 09d9bd7b6d67037428923fa5b5ca8c30,
    type: 3}
  m_PrefabInstance: {fileID: 2388620596680062608}
  m_PrefabAsset: {fileID: 0}
